 Dungeon Crawl Stone Soup version 0.21.1-1-g345015f (webtiles) character file.

58 tidbits the Grave Robber (level 4, -5/32 HPs)
             Began as a Gnoll Necromancer on June 13, 2018.
             Slain by an ogre
             ... wielding a +0 giant club
              (22 damage)
             ... on level 4 of the Dungeon.
             The game lasted 00:03:30 (347 turns).

tidbits the Grave Robber (Gnoll Necromancer)         Turns: 347, Time: 00:03:30

Health: -5/32      AC:  2    Str: 10    XL:     4   Next: 1%
Magic:  1/11       EV: 15    Int: 19    God:
Gold:   25         SH:  0    Dex: 15    Spells: 5/13 levels left

rFire    . . .     SeeInvis .   f - +0 short sword
rCold    . . .     Gourm    .   (no shield)
rNeg     . . .     Faith    .   a - +0 robe
rPois    .         Spirit   .   (no helmet)
rElec    .         Reflect  .   (no cloak)
rCorr    .         Harm     .   (no gloves)
MR       .....                  (no boots)
Stlth    +++.......             (no amulet)
HPRegen  0.10/turn              (no ring)
MPRegen  0.12/turn              (no ring)

@: no status effects
A: distributed training, fangs 1, strong nose
a: no special abilities


You were on level 4 of the Dungeon.
You were not hungry.

You visited 1 branch of the dungeon, and saw 4 of its levels.

You collected 25 gold pieces.

Inventory:

Hand Weapons
 d - a +0 club
 e - a +0 dagger
 f - a +0 short sword (weapon)
Armour
 a - a +0 robe (worn)
Scrolls
 g - a scroll of magic mapping {unknown}
 h - a scroll of immolation {unknown}
 j - a scroll of remove curse {unknown}
Potions
 i - a potion of haste
Books
 b - a book of Necromancy

   Spells                             Type                      Level
   a - Pain                           Necromancy                   1
   b - Animate Skeleton               Necromancy                   1
   c - Vampiric Draining              Necromancy                   3
   d - Regeneration                   Charms/Necromancy            3
   e - Animate Dead                   Necromancy                   4
   f - Borgnjor's Vile Clutch         Necromancy/Earth             5
Comestibles
 c - 3 rations


   Skills:
 + Level 1.0 Fighting
 + Level 1.0 Short Blades
 + Level 1.0 Long Blades
 + Level 1.0 Axes
 + Level 1.0 Maces & Flails
 + Level 1.0 Polearms
 + Level 1.0 Staves
 + Level 1.0 Slings
 + Level 1.0 Bows
 + Level 1.0 Crossbows
 + Level 1.0 Throwing
 + Level 1.0 Armour
 + Level 4.6 Dodging
 + Level 4.2 Stealth
 + Level 1.0 Shields
 + Level 1.0 Unarmed Combat
 + Level 5.0 Spellcasting
 + Level 0.7 Conjurations
 + Level 0.7 Hexes
 + Level 0.7 Charms
 + Level 0.7 Summonings
 + Level 7.1 Necromancy
 + Level 0.7 Translocations
 + Level 0.7 Transmutations
 + Level 0.7 Fire Magic
 + Level 0.7 Ice Magic
 + Level 0.7 Air Magic
 + Level 0.7 Earth Magic
 + Level 0.7 Poison Magic
 + Level 1.0 Invocations
 + Level 1.0 Evocations


You had 5 spell levels left.
You knew the following spells:

 Your Spells              Type           Power        Failure   Level  Hunger
a - Pain                  Necr           ####         1%          1    None
d - Vampiric Draining     Necr           ####......   1%          3    ##.....
n - Animate Skeleton      Necr           N/A          1%          1    None
r - Regeneration          Chrm/Necr      ###.......   8%          3    ##.....


Dungeon Overview and Level Annotations

Branches:
Dungeon (4/15)
 Temple: D:4-7

Altars:
Wu Jian

Annotations:
D:3 Shutra's ghost, weakling DsCK


Innate Abilities, Weirdness & Mutations

Your experience applies equally to all skills.
You have very sharp teeth.
Your uncanny sense of smell can sniff out nearby items.


Message History

Your Armour skill increases to level 1!
Your Shields skill increases to level 1!
Your Unarmed Combat skill increases to level 1!
Your Evocations skill increases to level 1!
You see here a scroll labeled SOMETI HEYRU.
j - a scroll labeled SOMETI HEYRU
Found 7 gold pieces.
You open the door.
A bat comes into view.
The goblin shouts!
There is a stone staircase leading down here.
You climb downwards.
There is a stone staircase leading up here.
Unknown command.
You see here 11 gold pieces.
You now have 11 gold pieces.
There is a stone staircase leading up here.
Unknown command.
A jackal comes into view.
Casting: Pain
Confirm with . or Enter, or press ? or * to list all spells.
Aiming: Pain
Press: ? - help, Shift-Dir - straight line, f - jackal
Aim: a jackal (resting, chance to defeat MR: 93%)
The jackal barks!
The jackal barely resists.
A jackal comes into view.
Casting: Pain
Confirm with . or Enter, or press ? or * to list all spells.
Aiming: Pain
Press: ? - help, Shift-Dir - straight line, f/p - jackal
Aim: a jackal (chance to defeat MR: 93%)
The jackal writhes in agony!
You kill the jackal!
A jackal comes into view.
Casting: Pain
Confirm with . or Enter, or press ? or * to list all spells.
Aiming: Pain
Press: ? - help, Shift-Dir - straight line, f - jackal
Aim: a jackal (chance to defeat MR: 93%)
The jackal barely resists.
The jackal barks!
Casting: Pain
Confirm with . or Enter, or press ? or * to list all spells.
Aiming: Pain
Press: ? - help, Shift-Dir - straight line, f/p - jackal
Aim: a jackal (chance to defeat MR: 93%)
The jackal writhes in agony!
Casting: Pain
Confirm with . or Enter, or press ? or * to list all spells.
Aiming: Pain
Press: ? - help, Shift-Dir - straight line, f/p - jackal
Aim: a jackal (severely wounded, chance to defeat MR: 93%)
The jackal writhes in agony!
You kill the jackal!
Casting: Pain
Confirm with . or Enter, or press ? or * to list all spells.
Aiming: Pain
Press: ? - help, Shift-Dir - straight line, f - jackal
Aim: a jackal (chance to defeat MR: 93%)
The jackal writhes in agony!
You kill the jackal!
You have reached level 4!
You feel clever.
Unknown command.
Found 14 gold pieces.
You open the door.
Found an ornate altar of the Wu Jian Council.
Found 11 gold pieces.
You see here 14 gold pieces.
You now have 25 gold pieces (gained 14).
Found 7 needles of confusion.
An ogre comes into view. It is wielding a giant club.
Casting: Pain
Confirm with . or Enter, or press ? or * to list all spells.
Aiming: Pain
Press: ? - help, Shift-Dir - straight line, f - ogre
Aim: an ogre, wielding a giant club (hasn't noticed you, chance to defeat MR: 84%)
The ogre shouts!
The ogre writhes in agony!
Casting: Pain
Confirm with . or Enter, or press ? or * to list all spells.
Aiming: Pain
Press: ? - help, Shift-Dir - straight line, f/p - ogre
Aim: an ogre, wielding a giant club (moderately wounded, chance to defeat MR: 84%)
The ogre writhes in agony!
Casting: Pain
Confirm with . or Enter, or press ? or * to list all spells.
Aiming: Pain
Press: ? - help, Shift-Dir - straight line, f/p - ogre
Aim: an ogre, wielding a giant club (heavily wounded, chance to defeat MR: 84%)
The ogre writhes in agony!
Casting: Pain
Confirm with . or Enter, or press ? or * to list all spells.
Aiming: Pain
Press: ? - help, Shift-Dir - straight line, f/p - ogre
Aim: an ogre, wielding a giant club (severely wounded, chance to defeat MR: 84%)
The ogre writhes in agony!
The ogre hits you with a giant club!!
Ouch! That really hurt!
You die...

.........#..†....#
###.###.###......#
#...#.###..#+#..#
#.....# #..'_+..#
##...# #.#..#+#..#
##.## #.......###
#.# ####......# #.
##.....# #...@$#
#..O..# #.....#
#..##.# #...# .#
...(.. .. ###....
.## ##.# .#


You could see an ogre.

Vanquished Creatures
  4 adders
  2 dart slugs
  An orc (D:3)
  3 goblins
  2 hobgoblins
  3 jackals (D:4)
  A quokka (D:4)
  A frilled lizard (D:2)
  A rat (D:3)
18 creatures vanquished.

Notes
Turn   | Place    | Note
-------+----------+-------------------------------------------
     0 | D:1      | tidbits the Gnoll Necromancer began the quest for the Orb.
     0 | D:1      | Reached XP level 1. HP: 13/13 MP: 6/6
    63 | D:2      | Reached XP level 2. HP: 11/20 MP: 1/7
    67 | D:2      | Learned a level 1 spell: Animate Skeleton
    79 | D:2      | Reached XP level 3. HP: 10/25 MP: 0/9
    84 | D:2      | Learned a level 3 spell: Vampiric Draining
    88 | D:2      | Learned a level 3 spell: Regeneration
   113 | D:3      | Reached skill level 5 in Spellcasting
   163 | D:3      | Reached skill level 1 in Invocations
   176 | D:3      | Noticed Shutra's ghost (weakling DsCK)
   258 | D:3      | Reached skill level 1 in Fighting
   258 | D:3      | Reached skill level 1 in Short Blades
   258 | D:3      | Reached skill level 1 in Long Blades
   258 | D:3      | Reached skill level 1 in Axes
   258 | D:3      | Reached skill level 1 in Maces & Flails
   258 | D:3      | Reached skill level 1 in Polearms
   258 | D:3      | Reached skill level 1 in Staves
   258 | D:3      | Reached skill level 1 in Slings
   258 | D:3      | Reached skill level 1 in Bows
   258 | D:3      | Reached skill level 1 in Crossbows
   258 | D:3      | Reached skill level 1 in Throwing
   258 | D:3      | Reached skill level 1 in Armour
   258 | D:3      | Reached skill level 1 in Shields
   258 | D:3      | Reached skill level 1 in Unarmed Combat
   258 | D:3      | Reached skill level 1 in Evocations
   331 | D:4      | Reached XP level 4. HP: 20/32 MP: 3/11
   335 | D:4      | Found an ornate altar of the Wu Jian Council.
   343 | D:4      | Noticed an ogre
   347 | D:4      | Slain by an ogre

Skill      XL: |  1  2  3 |
---------------+----------+-----
Spellcasting   | 5 |  5.0
Invocations    | 1 |  1.0
Fighting       | 1 |  1.0
Short Blades   | 1 |  1.0
Long Blades    | 1 |  1.0
Axes           | 1 |  1.0
Maces & Flails | 1 |  1.0
Polearms       | 1 |  1.0
Staves         | 1 |  1.0
Slings         | 1 |  1.0
Bows           | 1 |  1.0
Crossbows      | 1 |  1.0
Throwing       | 1 |  1.0
Armour         | 1 |  1.0
Shields        | 1 |  1.0
Unarmed Combat | 1 |  1.0
Evocations     | 1 |  1.0
Dodging        | |  4.6
Stealth        | |  4.2
Conjurations   | |  0.7
Hexes          | |  0.7
Charms         | |  0.7
Summonings     | |  0.7
Necromancy     | |  7.1
Translocations | |  0.7
Transmutations | |  0.7
Fire Magic     | |  0.7
Ice Magic      | |  0.7
Air Magic      | |  0.7
Earth Magic    | |  0.7
Poison Magic   | |  0.7

Action                   |  1- 3 |  4- 6 || total
-------------------------+-------+-------++-------
Melee: Club              |     1 |       ||     1
       Short sword       |     9 |       ||     9
       Bite              |     2 |       ||     2
 Cast: Pain              |    24 |     5 ||    29
       Vampiric Draining |     1 |       ||     1
  Use: Potion            |     1 |       ||     1
 Stab: Sleeping          |     2 |       ||     2
Armor: Robe              |     1 |       ||     1
Dodge: Dodged            |     9 |       ||     9

Table legend:
 A = Turns spent in this place as a percentage of turns spent in the entire game.
 B = Non-inter-level travel turns spent in this place as a percentage of non-inter-level travel turns spent in the entire game.
 C = Inter-level travel turns spent in this place as a percentage of turns spent in this place.
 D = Turns resting spent in this place as a percentage of non-inter-level travel turns spent in this place.
 E = Turns spent auto-exploring this place as a percentage of non-inter-level travel turns spent in this place.
 F = Non-inter-level travel turns spent in this place divided by the number of levels of this place that you've seen.
                   A       B       C       D       E      F
               +-------+-------+-------+-------+-------+----------------------
         Total | 100.0 | 100.0 |   0.0 |   0.0 |   0.0 |  86.8
       Dungeon | 100.0 | 100.0 |   0.0 |   0.0 |   0.0 |  86.8
               +-------+-------+-------+-------+-------+----------------------

Table legend:
 A = Kills in this place as a percentage of kills in entire the game.
 B = Kills by you in this place as a percentage of kills by you in the entire game.
 C = Kills by friends in this place as a percentage of kills by friends in the entire game.
 D = Other kills in this place as a percentage of other kills in the entire game.
 E = Experience gained in this place as a percentage of experience gained in the entire game.
 F = Experience gained in this place divided by the number of levels of this place that you have seen.
                   A       B       C       D       E      F
               +-------+-------+-------+-------+-------+----------------------
         Total | 100.0 | 100.0 |   N/A |   N/A | 100.0 |  20.8
       Dungeon | 100.0 | 100.0 |   N/A |   N/A | 100.0 |  20.8
               +-------+-------+-------+-------+-------+----------------------

Vault maps used:
D:1:      lemuel_arrival_rhombus
D:2:      chequers_ecumenical_altar_simple_redux, minmay_misc_feat_chi,
          minmay_fountain_box, uniq_robin
D:3:      first_ration, feat_on_display
D:4:      kennysheep_mini_moat, kennysheep_mini
